 Dungeon Crawl Stone Soup version 0.16-a0-3706-g5dff784 (console) character file.

40 MrRokkomies the Insei (level 3, -4/24 HPs)
             Began as an Octopode Transmuter on Jan 19, 2015.
             Slain by Sigmund
             ... wielding a +0 scythe
              (11 damage)
             ... on level 2 of the Dungeon.
             The game lasted 00:05:23 (1392 turns).

MrRokkomies the Insei (Octopode Transmuter)         Turns: 1392, Time: 00:05:23

Health: -4/24      AC:  2    Str:  9    XL:     3   Next: 50%
Magic:  3/6        EV: 19    Int: 16    God:
Gold:   62         SH:  0    Dex: 17    Spells: 2 memorised, 2 levels left

rFire  . . .     SeeInvis .       - Unarmed
rCold  . . .     Clarity  .     (shield currently unavailable)
rNeg   . . .     SustAb   .     (helmet currently unavailable)
rPois  x         Gourm    .     (no amulet)
rElec  .         Spirit   .     g - ring of protection from magic
rCorr  .         Warding  .     (no ring)
rMut   .         Stasis   .     (no ring)
MR     +....                    (no ring)
Stlth  ++........               (no ring)
                                (no ring)
                                (no ring)
                                (no ring)

@: spider-form, somewhat resistant to hostile enchantments, unstealthy
A: almost no armour, amphibious, 8 rings, (constrict 8), (camouflage 0),
(gelatinous body 0)
a: End Transformation


You were on level 2 of the Dungeon.
You were near starving.
You were a venomous arachnid creature.
You visited 1 branch of the dungeon, and saw 2 of its levels.

You collected 62 gold pieces.

Inventory:

Missiles
 b - 12 arrows
 i - 22 stones (quivered)
Jewellery
 g - a ring of protection from magic (left front leg)
Scrolls
 e - a scroll of remove curse
 h - 2 scrolls of teleportation {unknown}
 k - a scroll of identify {unknown}
Potions
 c - a potion of resistance {unknown}
 j - a potion of heal wounds {unknown}
 l - a potion of curing {unknown}
Books
 d - a book of Changes

   Spells                             Type                      Level
   a - Beastly Appendage              Transmutation                1
   b - Sticks to Snakes               Transmutation                2
   c - Spider Form                    Transmutation/Poison         3
   d - Ice Form                       Ice/Transmutation            4
   e - Blade Hands                    Transmutation                5
Comestibles
 a - 2 bread rations
 f - 2 fruits


   Skills:
 * Level 2.0 Fighting
 - Level 2.0 Dodging
 + Level 1.5 Stealth
 * Level 3.8 Unarmed Combat
 - Level 2.0 Spellcasting
 - Level 2.0 Transmutations


You had 2 spell levels left.
You knew the following spells:

 Your Spells              Type           Power        Failure   Level  Hunger
a - Beastly Appendage     Trmt           #.....       24%         1    #......
b - Spider Form           Trmt/Pois      #.........   61%         3    ###....


Dungeon Overview and Level Annotations

Branches:
Dungeon (2/15)

Altars:
The Shining One

Annotations:
D:2 Sigmund


Innate Abilities, Weirdness & Mutations

You cannot wear most types of armour.
You are amphibious.
You can wear up to eight rings at the same time.
((You can use your tentacles to constrict many enemies at once.))
((Your skin changes colour to match your surroundings (Stealth).))
((Your rubbery body absorbs attacks (AC +1).))


Message History

k - a scroll labeled JUICOA DEMUBE;
l - a grey potion
Found a dagger.
Sigmund the Dreaded comes into view.
He is wielding a scythe.
Sigmund moves out of view.
Sigmund hits you from afar with a scythe!
Casting: Beastly Appendage
Confirm with . or Enter, or press ? or * to list all spells.
You turn into a venomous arachnid creature.
You are near starving!
A kobold comes into view. It is wielding a dagger.
Sigmund points at you and mumbles some strange words.
The magic dart hits you!
* * * LOW HITPOINT WARNING * * *
You are too injured to fight recklessly!
You are too injured to fight recklessly!
You are too injured to fight recklessly!
You hit Sigmund.
Sigmund is lightly wounded.
Sigmund hits you with a scythe!
You die...

..# ######## K.###.#
.......# ##.#.#.# .#####.#
.#......# .# #.##
#.#.....## # .# #..#
##.......## .# .# #..#
#.........##.# .#####..#
#....=......# [<......#
#...s....# #######.###
##.@.#...# ####...#..#
##.##...# ...#.##.#.# ##
#...#
...รท..#.#.########...#.##.
.>.#.#..#.##...............
.....##...................
...##.....##..............
....#.############...#####
...#..# ...... #####.#
#...#)#


You could see Sigmund and a kobold (sleeping).

Vanquished Creatures
  An adder (D:2)
  2 giant geckos (D:1)
  2 ball pythons (D:1)
  6 bats
  A goblin (D:1)
  5 hobgoblins
  3 giant newts (D:1)
  5 kobolds
  4 rats (D:1)
29 creatures vanquished.

Notes
Turn   | Place    | Note
--------------------------------------------------------------
     0 | D:1      | MrRokkomies, the Octopode Transmuter, began the quest for the Orb.
     0 | D:1      | Reached XP level 1. HP: 13/13 MP: 3/3
   106 | D:1      | Reached XP level 2. HP: 18/18 MP: 4/4
   528 | D:1      | Reached skill level 1 in Stealth
   551 | D:1      | Reached XP level 3. HP: 6/23 MP: 6/6
   784 | D:1      | Learned a level 3 spell: Spider Form
  1007 | D:2      | Found a glowing golden altar of the Shining One.
  1388 | D:2      | Noticed Sigmund
  1392 | D:2      | Slain by Sigmund

Action                   || total
-------------------------++-------
Melee: Unarmed           ||    60
 Cast: Beastly Appendage ||     2
       Spider Form       ||     1
  Use: Scroll            ||     4
 Stab: Sleeping          ||     5
